 Dungeon Crawl Stone Soup version 0.29.1-15-g9cfb28693d (webtiles) character file.

Game seed: 6376293305650376173

2001 Eitelfritz the Cleaver (level 9, -11/78 HPs)
             Began as a Hill Orc Fighter on Apr 15, 2023.
             Was an Initiate of Hepliaklqana.
             Mangled by an ogre
             ... wielding the +8 giant spiked club of Calculation {flame, *Rage Str+5}
              (16 damage)
             ... on level 3 of the Dungeon.
             The game lasted 00:15:22 (7476 turns).

Eitelfritz the Cleaver (Hill Orc Fighter)           Turns: 7476, Time: 00:15:31

Health: -11/78     AC: 14    Str: 25    XL:     9   Next: 22%
Magic:  18/18      EV:  9    Int:  8    God:    Hepliaklqana [......]
Gold:   246        SH:  5    Dex: 15    Spells: 8/8 levels left

rFire   . . .      SeeInvis .   a - +0 war axe
rCold   . . .      Faith    .   c - +0 buckler
rNeg    . . .      Spirit   .   o - +0 chain mail
rPois   .          Reflect  .   (no helmet)
rElec   +          Harm     .   v - +2 cloak
rCorr   .          Rampage  .   j - +0 pair of gloves
Will    +....                   (no boots)
Stlth   ..........              (no amulet)
HPRegen 0.23/turn               f - ring of willpower
MPRegen 0.16/turn               t - ring "Kaunienierph" {rElec MP+9 Str+2 Dex+5}

@: no status effects
A: no striking features
a: Renounce Religion


You were on level 3 of the Dungeon.
You worshipped Hepliaklqana.
Hepliaklqana was noncommittal.
You visited 2 branches of the dungeon, and saw 7 of its levels.
You also visited: Sewer.

You collected 246 gold pieces.

Inventory:

Hand Weapons
 a - a +0 war axe (weapon)
 b - a +0 sling
 F - a +0 morningstar
 H - a +1 flail of holy wrath
Missiles
 q - 18 poisoned darts (quivered)
 u - 5 javelins
 y - 2 throwing nets
 C - 5 atropa-tipped darts
Armour
 c - a +0 buckler (worn)
 j - a +0 pair of gloves (worn)
 o - a +0 chain mail (worn)
 v - a +2 cloak (worn)
Jewellery
 f - a ring of willpower (left hand)
 k - a +6 ring of dexterity
 r - a ring of resist corrosion
 t - the ring "Kaunienierph" (right hand) {rElec MP+9 Str+2 Dex+5}
   (You found it on level 3 of the Dungeon)

   [ring of magical power]

   Str:       It affects your strength (+2).
   Dex:       It affects your dexterity (+5).
   rElec:     It insulates you from electricity.
   MP:        It affects your magic capacity (+9).
 D - an amulet of magic regeneration
 E - a ring of wizardry
 G - an amulet of guardian spirit
Wands
 m - a wand of flame (7)
Scrolls
 w - a scroll of enchant weapon {unknown}
 B - a scroll of identify
Potions
 d - 2 potions of might
 e - 5 potions of curing
 g - a potion of resistance {unknown}
 h - 3 potions of berserk rage
 i - 3 potions of attraction
 l - 2 potions of heal wounds
 p - a potion of flight {unknown}
 s - 2 potions of mutation
 x - 2 potions of invisibility
 z - 2 potions of haste {unknown}
 A - 3 potions of degeneration {unknown}


   Skills:
 + Level 6.4 Fighting
 + Level 11.3 Axes
 + Level 6.5 Armour
 + Level 2.0 Dodging
 + Level 0.9 Stealth
 + Level 4.7 Shields


You had 8 spell levels left.
You didn't know any spells.
Your spell library contained the following spells:

 Spells                   Type           Power      Damage    Failure   Level
 Foxfire                  Conj/Fire      0%         2x1d4     98%         1
 Slow                     Hex            0%         N/A       98%         1
 Sublimation of Blood     Necr           0%         N/A       99%         2
 Confusing Touch          Hex            0%         N/A       100%        3
 Conjure Flame            Conj/Fire      0%         6-21      100%        3
 Gell's Gravitas          Tloc           0%         N/A       100%        3
 Inner Flame              Hex/Fire       0%         N/A       100%        3
 Teleport Other           Tloc           0%         N/A       100%        3
 Vampiric Draining        Necr           0%         2d6       100%        3
 Flame Wave               Conj/Fire      0%         2d4       100%        4
 Petrify                  Tmut/Erth      0%         N/A       100%        4
 Irradiate                Conj/Tmut      0%         3d11      100%        5
 Dispersal                Tloc           0%         N/A       100%        6


Dungeon Overview and Level Annotations

Branches:
Dungeon (6/15)             Temple (1/1) D:6           Sewer (visited)

Altars:
Ashenzari
Cheibriados
Dithmenos
Elyvilon
Fedhas
Gozag
Hepliaklqana
Kikubaaqudgha
Makhleb
Okawaru
Qazlal
Ru
Sif Muna
Uskayaw
Vehumet
Wu Jian
Xom
Yredelemnul
The Shining One
Beogh

Annotations:
D:3 1 transporter, Alannah's ghost, amateur GrFi
D:6 2 transporters, Descartes's ghost, novice FoFi


Message History

Things that are here:
a +0 dagger; an orc skeleton
There is a stone staircase leading up here.
You climb upwards.
There is a stone staircase leading down here.
There is a stone staircase leading up here.
You climb upwards.
There is a stone staircase leading down here.
There is a stone staircase leading up here.
You climb upwards.
Level annotation: 2 transporters, Alannah's ghost, amateur GrFi
There is a stone staircase leading down here.
Partly explored, unvisited transporter.
Partly explored, unvisited transporter.
There is a stone staircase leading down here.
You climb downwards.
There is a stone staircase leading up here.
You climb upwards.
Level annotation: 2 transporters, Alannah's ghost, amateur GrFi
There is a stone staircase leading down here.
The ogre shouts!
There is a transporter here.
You enter the transporter and appear at another place.
The ogre hits you with the +8 giant spiked club of Calculation {flame, *Rage Str+5}!!
The ogre burns you! Alannah's ghost hits you.
You slash Alannah's ghost!
Alannah's ghost is heavily damaged.
You barely miss the ogre. Alannah's ghost barely misses you.
The ogre goes berserk!
The ogre hits you with the +8 giant spiked club of Calculation {flame, *Rage Str+5}!
* * * LOW HITPOINT WARNING * * *
The ogre burns you.
* * * LOW HITPOINT WARNING * * *
Unknown command.
You feel much better. Alannah's ghost hits you!
The ogre hits you with the +8 giant spiked club of Calculation {flame, *Rage Str+5}!!!
Ouch! That really hurt!
* * * LOW HITPOINT WARNING * * *
The ogre burns you!
You die...

.####.##...#.####.#.#.#.###.#.###
.####.##...#.# #.#..............
.#..........########...).........
.#.##.##....#.....©#.............
.#.##.##....#.#..#.#.............
.#.##.##....#..##..#.............
.#.##.##....#..##!.#.............
....#..##..©#$#O.#.#.............
....##.##...#$.W@.©#.............
....##.###.©#.#..#.#.............
....##..##..#..##..#.............
....###.##..#..##..#.............
....# #.....#.#..#.#.............
#...# ###...#......#.............
#...######..########.............
#........###...#####.............
########.#.....................).


You could see an ogre (berserk) and Alannah's ghost.

Vanquished Creatures
  Menkaure (D:5)
  A water moccasin (Sewer)
  An orc warrior (D:6)
  A sky beast (D:6)
  2 black bears (D:5)
  2 ogres
  2 phantoms
  A kobold brigand (D:6)
  A bullfrog (D:6)
  A necrophage (D:6)
  A scorpion (D:6)
  A crimson imp (D:4)
  2 jellies (D:6)
  2 orc priests
  2 hounds
  Crazy Yiuf (D:2)
  An iguana (D:4)
  Terence (D:2)
  8 orc wizards
  7 gnolls
  8 adders
  3 river rats (D:4)
  A white imp (D:6)
  An ufetubus (D:6)
  3 worms
  2 dart slugs
  32 orcs
  9 bats
  4 endoplasms
  7 giant cockroaches
  6 goblins
  8 hobgoblins
  6 jackals
  9 kobolds
  4 quokkas
  7 ball pythons
  5 frilled lizards
  2 goblin skeletons (D:4)
  3 goblin zombies (D:4)
  2 hobgoblin zombies (D:4)
  2 orc skeletons (D:4)
  2 orc zombies (D:4)
  10 rats
175 creatures vanquished.

Vanquished Creatures (others)
  An orc wizard (D:3)
1 creature vanquished.

Grand Total: 176 creatures vanquished

Notes
Turn   | Place    | Note
-------+----------+-------------------------------------------
     0 | D:1      | Eitelfritz the Hill Orc Fighter began the quest for the
                  | Orb.
     0 | D:1      | Reached XP level 1. HP: 19/19 MP: 1/1
   210 | D:1      | Reached XP level 2. HP: 27/27 MP: 2/2
   233 | D:1      | Reached skill level 3 in Axes
   667 | D:1      | Reached XP level 3. HP: 33/33 MP: 3/3
   831 | D:1      | Found a faded altar of an unknown god.
  1183 | D:2      | Noticed Terence
  1190 | D:2      | Killed Terence
  1191 | D:2      | Reached XP level 4. HP: 18/40 MP: 4/4
  1561 | D:2      | Reached skill level 4 in Axes
  1930 | D:2      | Found a runed translucent door.
  1931 | D:2      | Noticed Crazy Yiuf
  2212 | D:3      | Reached XP level 5. HP: 43/46 MP: 5/5
  2307 | D:3      | Noticed Alannah's ghost (amateur GrFi)
  2308 | D:3      | Found a transporter.
  2309 | D:3      | Identified the +8 giant spiked club of Calculation {flame,
                  | *Rage Str+5}
  2309 | D:3      | Noticed an ogre
  2516 | D:3      | Identified the ring "Kaunienierph" {rElec MP+9 Str+2 Dex+5}
  2767 | D:3      | Reached skill level 1 in Dodging
  2770 | D:3      | Reached skill level 5 in Axes
  3137 | D:3      | Found a transporter.
  3312 | D:2      | Killed Crazy Yiuf
  3434 | D:4      | Reached XP level 6. HP: 50/53 MP: 6/6
  3464 | D:4      | Reached skill level 6 in Axes
  3546 | D:4      | Reached skill level 7 in Axes
  3738 | D:4      | Reached XP level 7. HP: 27/60 MP: 7/7
  3748 | D:4      | Identified the +0 robe of the Weaver {rPois rC- rN+}
  3828 | D:4      | Reached skill level 5 in Fighting
  3933 | D:4      | Found a glowing drain.
  3976 | Sewer    | Entered a sewer
  4146 | Sewer    | Reached skill level 8 in Axes
  4297 | D:4      | Found a glowing golden altar of the Shining One.
  4514 | D:5      | Entered Level 5 of the Dungeon
  4554 | D:5      | Reached skill level 9 in Axes
  4554 | D:5      | Reached XP level 8. HP: 55/69 MP: 8/8
  5030 | D:5      | Found a blossoming altar of Fedhas.
  5031 | D:5      | Noticed Menkaure
  5037 | D:5      | Killed Menkaure
  5038 | D:5      | Reached skill level 5 in Armour
  5915 | D:6      | Found a staircase to the Ecumenical Temple.
  5931 | Temple   | Entered the Ecumenical Temple
  6270 | Temple   | Became a worshipper of Hepliaklqana the Forgotten
  6358 | D:6      | Reached skill level 10 in Axes
  6377 | D:6      | Noticed Descartes's ghost (novice FoFi)
  6417 | D:6      | Found a transporter.
  6591 | D:6      | Found a transporter.
  6791 | D:6      | Found a runed translucent door.
  7005 | D:6      | Reached XP level 9. HP: 66/75 MP: 9/9
  7020 | D:6      | Reached skill level 11 in Axes
  7117 | D:6      | Found a roughly hewn altar of Beogh.
  7476 | D:3      | Mangled by an ogre

Illustrated notes

Levels and vault maps discovered:
D:1:      onia_arrival_pentagram, layout_loops_corners,
          ebering_ecumenical_altar_rust, roderic_malta_cross, minmay_hedge_maze
D:2:      layout_loops_ring, chequers_arboretum, st_stairs_7,
          uniq_crazy_yiuf_cottage, uniq_terence
D:3:      layout_basic, gammafunk_ghost_smash, grunt_ministairs_1, minmay_cupped
D:4:      layout_basic, nicolae_tso_besieged_by_evil, portal_sewer_entry_b,
          serial_glass, glass_columns_a, glass_columns_a, minivault_1,
          hex_medium, minmay_a_box_with_orc_wizards_in_it
D:5:      layout_layer_cave, old_standard_altar, uniq_menkaure
D:6:      layout_rooms, minmay_temple_entry_statues_fountains,
          gammafunk_ghost_arena, dreamdust_princess_corridor,
          lightli_church_of_beogh
Temple:   minmay_temple_bridge_d

Skill      XL: |  1  2  3  4  5  6  7  8  9 |
---------------+----------------------------+-----
Axes           | 3 4 5 7 9 10 11 | 11.3
Fighting       | 4 5 6 |  6.4
Armour         | 4 6 |  6.5
Dodging        | 1 2 |  2.0
Shields        | 4 |  4.7
Stealth        | |  0.9

Action                   |  1- 3 |  4- 6 |  7- 9 || total
-------------------------+-------+-------+-------++-------
Melee: War axe           |    78 |   182 |   258 ||   518
Throw: Dart              |       |     1 |       ||     1
  Use: Scroll            |       |       |    10 ||    10
       Potion            |       |       |     3 ||     3
Armor: Scale mail        |    51 |    55 |       ||   106
       Chain mail        |       |    37 |   182 ||   219
Dodge: Dodged            |    44 |    79 |    81 ||   204
Block: Buckler           |    25 |    41 |    52 ||   118
